AoeStats
← tavoo

Arabia

507937268Analyzed
1v1 RM · 13d ago on Sep 20, 2026· 42m 7s· 2 players
Game mode
Random Map
Map size
Tiny (2 player)
Population
200
Speed
Normal
Resources
Standard
Victory
Conquest
Starting age
Dark Age
Ending age
Imperial Age
RankedLock teamsTeams togetherTeam positionsShared explorationLock speedFull tech treeHidden civsTurbo modeCheats
Victory
Defeat
🇲🇽 Japanese · Mexico
1379
+17
🇦🇷 Franks · Argentina
1395
-17
tavoo
6:40 Loom
7:08 Loom
9:25 Feudal Age
9:29 Man-at-Arms
10:09 Double-Bit Axe
17:46 Fletching
22:25 Scale Mail Armor
25:24 Castle Age
24:33 Padded Archer Armor
25:53 Forging
25:34 Crossbowman
26:55 Squires
27:06 Bodkin Arrow
28:25 Pikeman
29:23 Arson
29:43 Town Watch
31:19 Horse Collar
36:29 Wheelbarrow
37:03 Ballistics
41:15 Imperial Age
39:40 Thumb Ring
40:40 Hand Cart
Marta
6:35 Loom
8:52 Feudal Age
9:29 Double-Bit Axe
10:22 Town Watch
17:01 Gold Mining
21:35 Castle Age
24:23 Bow Saw
27:16 Padded Archer Armor
27:06 Fletching
27:16 Elite Skirmisher
29:03 Bodkin Arrow
30:25 Wheelbarrow
31:41 Ballistics
36:40 Husbandry
41:10 Imperial Age
39:29 Scale Barding Armor
39:34 Forging
41:35 Chain Barding Armor
Connection lost

Rejoining the realm…

Still unreachable

The connection could not be restored.

Session expired

The server has moved on; the page needs a fresh start.